[Event "Titled Tuesday Blitz March 01 Late 2022"]
[White "Corrales Jimenez, Fidel"]
[Black "Ezat, Mohamed"]
[WhiteFideId "3506690"]
[BlackFideId "10600906"]
[WhiteElo "2541"]
[BlackElo "2386"]
[Result "1-0"]
[Round "07"]
[TimeControl "180+1"]
[Date "2022.03.01"]
[WhiteClock "0:00:17"]
[BlackClock "0:00:07"]

1. e4 c6 2. d4 d5 3. e5 c5 4. dxc5 Nc6 5. Nf3 Bg4 6. c3 e6 7. Be3 Nge7 8. Nbd2 Nf5 9. Bd4 Nfxd4 10. cxd4 Qa5 11. b4 Qxb4 12. Rb1 Qa5 13. Bb5 Be7 14. O-O O-O 15. h3 Bh5 16. Qa4 Qxa4 17. Bxa4 Rab8 18. Nb3 Bxf3 19. gxf3 Bd8 20. f4 Na5 21. Kg2 Nc4 22. Bb5 Na3 23. Bd3 Nxb1 24. Rxb1 g6 25. a4 Bc7 26. a5 Rfc8 27. h4 h5 28. Kg3 Kf8 29. Bb5 Ke7 30. Ra1 Bd8 31. Nc1 Bc7 32. Ne2 Bd8 33. Nc3 Bc7 34. Bd3 a6 35. Ne2 f6 36. Ng1 fxe5 37. fxe5 Rf8 38. f4 Rf7 39. Nh3 Kd7 40. Ng5 Rg7 41. Bc2 Ke7 42. Kf3 Bd8 43. Ke3 Kd7 44. Nf3 Be7 45. Rg1 Rbg8 46. Rb1 Kc8 47. Rb6 Bd8 48. Rxe6 Bxa5 49. Bb3 Rd8 50. Ng5 Be1 51. Nf3 Bg3 52. Rd6 Rf8 53. Bxd5 Bxf4+ 54. Kd3 g5 55. Rf6 Rd8 56. Ke4 Kb8 57. Rf7 Bc1 58. Rxg7 g4 59. Rxb7+ Kc8 60. Rb1 Rd6 61. cxd6 1-0


[Site "https://www.chess.com"]

[Event "Titled Tuesday Blitz March 01 Late 2022"]
[White "Csonka, Balazs"]
[Black "Moral Garcia, Serafin"]
[WhiteFideId "742910"]
[BlackFideId "2201925"]
[WhiteElo "2626"]
[BlackElo "2438"]
[Result "1-0"]
[Round "07"]
[TimeControl "180+1"]
[Date "2022.03.02"]
[WhiteClock "0:00:04"]
[BlackClock "0:00:42"]

1. d4 Nf6 2. Bf4 g6 3. Nc3 d5 4. e3 Bg7 5. h4 O-O 6. h5 c5 7. h6 Bh8 8. Nf3 b6 9. Ne5 Bb7 10. Qf3 Nbd7 11. O-O-O e6 12. Qg3 Nxe5 13. Bxe5 Nd7 14. Bxh8 Kxh8 15. Bb5 a6 16. Bxd7 Qxd7 17. f4 Rac8 18. Qh4 Qd8 19. Qxd8 Rfxd8 20. Ne2 Kg8 21. Ng1 f6 22. Nf3 Bc6 23. g4 Kf7 24. g5 f5 25. Ne5+ Ke7 26. b3 Be8 27. Kb2 Rc7 28. Rd2 c4 29. bxc4 dxc4 30. c3 b5 31. Re1 Bc6 32. Ra1 Be4 33. Kc1 a5 34. Rb2 Rb8 35. a3 Kd6 36. Kd2 Rcb7 37. Ke2 Kd5 38. Kf2 Kd6 39. Ke1 Kd5 40. Kd2 Kd6 41. Ke2 Kd5 42. Raa2 Kd6 43. a4 b4 44. Nxc4+ Kd5 45. Nxa5 Rb6 46. cxb4 Rxb4 47. Rxb4 Rxb4 48. Kd2 Rb1 49. Ra3 Rg1 50. Nb3 Kc4 51. Nc5 Rg2+ 52. Ke1 Bc6 53. a5 Kb4 54. Rd3 Kxa5 55. Nxe6 Be4 56. Rc3 Kb4 57. Rc7 Bd5 58. Nc5 Kc3 59. Na4+ Kd3 60. Rc3+ Ke4 61. Nc5+ Kf3 62. e4+ Kxf4 63. exd5 Rxg5 64. d6 Rg1+ 65. Kd2 g5 66. d7 1-0


[Site "https://www.chess.com"]

[Event "Titled Tuesday Blitz March 01 Late 2022"]
[White "Cupid, Kevin"]
[Black "Adewumi, Tanitoluwa"]
[WhiteFideId "7700512"]
[BlackFideId "30966396"]
[WhiteElo "2096"]
[BlackElo "2541"]
[Result "0-1"]
[Round "07"]
[TimeControl "180+1"]
[Date "2022.03.02"]
[WhiteClock "0:00:09"]
[BlackClock "0:00:33"]

1. d4 Nf6 2. c4 g6 3. Nc3 Bg7 4. Bg5 h6 5. Bh4 c5 6. e3 O-O 7. Nf3 d6 8. Be2 cxd4 9. Nxd4 Nc6 10. O-O Bd7 11. Rc1 Rc8 12. h3 a6 13. Kh2 Nxd4 14. exd4 Re8 15. d5 Qa5 16. a3 b5 17. cxb5 axb5 18. Qb3 Rc5 19. f4 Rec8 20. Bf2 R5c7 21. Rcd1 Rxc3 22. bxc3 Rxc3 23. Qb4 Qxa3 24. Qxa3 Rxa3 25. Bf3 Bf5 26. Rfe1 b4 27. Rxe7 Bc2 28. Rd2 b3 29. Rb7 Ne4 30. Bxe4 Bxe4 31. Rb5 Ra2 32. Be3 Rxd2 33. Bxd2 b2 34. Rb8+ Kh7 0-1


[Site "https://www.chess.com"]

[Event "Titled Tuesday Blitz March 01 Late 2022"]
[White "Dauner, Benedikt"]
[Black "Maksimovic, Bojan"]
[WhiteFideId "16225899"]
[BlackFideId "14408120"]
[WhiteElo "2503"]
[BlackElo "2714"]
[Result "0-1"]
[Round "07"]
[TimeControl "180+1"]
[Date "2022.03.02"]
[WhiteClock "0:00:02"]
[BlackClock "0:00:18"]

1. d4 a6 2. Nf3 b5 3. Bf4 Bb7 4. e3 d6 5. Bd3 Nd7 6. O-O g6 7. a4 b4 8. Nbd2 Bg7 9. Bg3 c5 10. c3 Ngf6 11. Qe2 O-O 12. e4 Nh5 13. Rfe1 e5 14. dxe5 Nxg3 15. hxg3 bxc3 16. bxc3 Nxe5 17. Nxe5 Bxe5 18. Rab1 Bc6 19. Rec1 Bxa4 20. Bxa6 Qf6 21. Bb7 Rab8 22. c4 Bd7 23. Bd5 Bb2 24. Re1 Kg7 25. Nf3 Bg4 26. Qd3 Rb4 27. Nh2 Bd7 28. Nf1 Rfb8 29. Ne3 Bd4 30. Rxb4 cxb4 31. Qb3 Bc5 32. Re2 h5 33. Kh2 h4 34. gxh4 Qxh4+ 35. Kg1 Rh8 36. f3 Qh1+ 37. Kf2 Qc1 38. Qb2+ Qxb2 39. Rxb2 f5 40. Ke2 f4 41. Nc2 Rh2 42. Ne1 Kf6 43. Kf1 Rh1+ 44. Ke2 Rg1 45. Ra2 Bd4 0-1


[Site "https://www.chess.com"]

[Event "Titled Tuesday Blitz March 01 Late 2022"]
[White "Demchenko, Anton"]
[Black "Piesik, Piotr"]
[WhiteFideId "4160258"]
[BlackFideId "1136194"]
[WhiteElo "2539"]
[BlackElo "2232"]
[Result "1/2-1/2"]
[Round "07"]
[TimeControl "180+1"]
[Date "2022.03.01"]
[WhiteClock "0:00:10"]
[BlackClock "0:00:07"]

1. e4 g6 2. d4 Bg7 3. Nf3 c6 4. Nbd2 d6 5. Be2 Nf6 6. O-O O-O 7. c3 Nbd7 8. Qc2 e5 9. dxe5 dxe5 10. Nc4 Qc7 11. a4 Re8 12. b3 Nc5 13. Nfd2 Ne6 14. g3 a5 15. Re1 Nc5 16. f3 Bh3 17. Nf1 Bxf1 18. Bxf1 Ne6 19. Be3 Nd7 20. Red1 Bf8 21. Rxd7 Qxd7 22. Nb6 Qc7 23. Nxa8 Rxa8 24. Qf2 Bd6 25. Bc4 Qe7 26. Rd1 Bc5 27. Bxe6 Bxe3 28. Bxf7+ Qxf7 29. Qxe3 Qxb3 30. Rd7 Qb1+ 31. Kg2 Qa2+ 32. Qf2 Qxf2+ 33. Kxf2 b5 34. Rc7 bxa4 35. Rxc6 a3 36. Rd6 Rb8 37. Rd5 Rb2+ 38. Ke3 Rxh2 39. Rxe5 Rh5 40. Re8+ Kf7 41. Rd8 a2 42. Rd1 Rh2 43. Ra1 Ke6 44. Kd4 Rd2+ 45. Kc4 Rb2 46. f4 h5 47. Kc5 a4 48. c4 Kd7 49. Kd5 Kc7 50. e5 Kd7 51. c5 Kc7 52. Ke6 Kc6 53. Kf6 Kxc5 54. Kxg6 Kb4 55. e6 Kb3 56. f5 Re2 57. Kf7 Kb2 58. Rd1 a1=Q 59. Rxa1 Kxa1 60. e7 a3 61. e8=Q Rxe8 62. Kxe8 a2 63. f6 Kb2 64. f7 a1=Q 65. f8=Q Qa8+ 66. Kf7 Qf3+ 67. Ke7 Qxg3 68. Qh8+ Qc3 69. Qxh5 Kb3 70. Qd5+ Qc4 71. Qe6 Qxe6+ 72. Kxe6 1/2-1/2


[Site "https://www.chess.com"]

[Event "Titled Tuesday Blitz March 01 Late 2022"]
[White "Dias, Joao Batista"]
[Black "Glavina, Pablo"]
[WhiteFideId "2108240"]
[BlackFideId "100234"]
[WhiteElo "1898"]
[BlackElo "2369"]
[Result "0-1"]
[Round "07"]
[TimeControl "180+1"]
[Date "2022.03.02"]
[WhiteClock "0:00:04"]
[BlackClock "0:00:05"]

1. e4 e5 2. Nf3 Nc6 3. d4 exd4 4. Nxd4 Nf6 5. Nxc6 bxc6 6. Bd3 d5 7. Nc3 Bb4 8. exd5 O-O 9. dxc6 Re8+ 10. Be2 Ba6 11. Be3 Bxe2 12. Qxe2 Nd5 13. O-O Bxc3 14. bxc3 Nxc3 15. Qc4 Qf6 16. Rae1 Re4 17. Qd3 Rd8 18. Qa6 Ra4 19. Qb7 Rc4 20. Qxc7 Rxc6 21. Qxa7 Ra6 22. Qc7 Rxa2 23. Bb6 Rf8 24. Bc5 Rfa8 25. Qd6 Qxd6 26. Bxd6 Rxc2 27. g3 h6 28. Kg2 Rc8 29. Rc1 Ne4 30. Rxc2 Rxc2 31. Bf4 g5 32. Be3 f5 33. Kf3 Kf7 34. h3 Kg6 35. g4 Nd2+ 36. Kg2 Nxf1 37. gxf5+ Kxf5 38. Kxf1 Ke4 39. Kg2 Kf5 40. Kf3 Kg6 41. Kg4 Ra2 42. Kf3 Ra1 43. Kg4 Rh1 44. Kg3 h5 45. Kg2 Rb1 46. Kg3 Kf5 47. Kf3 h4 48. Kg2 Rb3 49. Kf3 Ra3 50. Kg2 g4 51. hxg4+ Kxg4 52. Kh2 Kf3 53. Bc5 Ra2 54. Kh3 Ra4 55. Kh2 Kg4 56. Be3 Ra8 57. Bc5 Re8 58. Kg2 Re6 59. Be3 Rf6 60. Kh2 Rf3 61. Kg2 Rf7 62. Kh2 Rh7 63. Kg2 Kf5 64. Kh3 Ke4 65. Bc5 Kf3 66. Be3 Rh8 67. Bd4 Rh7 68. Be3 Ke4 69. Bb6 Kf5 70. Be3 Kg6 71. Bc5 Kh5 72. Bb6 Rf7 73. Be3 Rf3+ 74. Kg2 Kg4 75. Bb6 h3+ 76. Kh2 Rf6 77. Be3 Rf7 78. Bc5 Rh7 79. Be3 Kf3 80. Bb6 Ke2 81. Be3 Kf3 82. Bc5 Kg4 83. Be3 Kh4 84. Bc5 Rg7 85. Be3 Rg2+ 86. Kh1 Kg4 87. Bd4 Kf3 88. Bb6 Ke2 89. Bd4 Kf1 90. Bb6 h2 91. Bc7 Kxf2 92. Bxh2 Rg4 93. Bg1+ Rxg1+ 94. Kh2 Rg8 95. Kh3 Kf3 96. Kh4 Rg1 97. Kh5 Kf4 98. Kh6 Kf5 99. Kh7 Kf6 100. Kh8 Kf7 0-1


[Site "https://www.chess.com"]

[Event "Titled Tuesday Blitz March 01 Late 2022"]
[White "Djokic, Mihailo"]
[Black "Estrada Nieto, Julian"]
[WhiteFideId "976440"]
[BlackFideId "5101018"]
[WhiteElo "2659"]
[BlackElo "2470"]
[Result "1-0"]
[Round "07"]
[TimeControl "180+1"]
[Date "2022.03.02"]
[WhiteClock "0:00:42"]
[BlackClock "0:00:03"]

1. e4 e5 2. Nf3 Nc6 3. Nc3 Nf6 4. Bb5 Bb4 5. O-O O-O 6. d3 Bxc3 7. bxc3 d6 8. Re1 Ne7 9. d4 Ng6 10. dxe5 Nxe5 11. Nxe5 dxe5 12. Ba3 c6 13. Bxf8 Qxf8 14. Bd3 Bg4 15. Qd2 Qc5 16. c4 Rd8 17. Rab1 b6 18. Qe3 Qxe3 19. Rxe3 Nd7 20. f3 Be6 21. Be2 Nc5 22. Ra3 g5 23. Rxa7 Rd2 24. Bf1 Rxc2 25. Rxb6 Rc1 26. Kf2 Bxc4 27. Bxc4 Rxc4 28. Kg3 Ne6 29. Rb8+ Kg7 30. Rbb7 Kg6 31. Rxf7 h5 32. h4 Rc1 33. Rae7 gxh4+ 34. Kxh4 Rh1+ 35. Kg3 h4+ 36. Kf2 Ra1 37. Rf5 Rxa2+ 38. Kf1 Ra1+ 39. Kf2 Ra2+ 40. Ke3 Ra3+ 41. Kd2 Ra2+ 42. Kc3 Nd4 43. Rfxe5 Ne2+ 44. Kc4 Nf4 45. Rf5 Nxg2 46. Re6+ Kg7 47. Rg5+ Kf7 48. Rh6 Ne3+ 49. Kc5 Rh2 50. Rgh5 h3 51. Rxh3 Rxh3 52. Rxh3 Ng2 53. Kxc6 Nf4 54. Rh6 Ne6 55. Rxe6 Kxe6 56. f4 1-0


[Site "https://www.chess.com"]

[Event "Titled Tuesday Blitz March 01 Late 2022"]
[White "Dobre, Claudiu-Cristian"]
[Black "Shuvalova, Polina"]
[WhiteFideId "1211854"]
[BlackFideId "24171760"]
[WhiteElo "2207"]
[BlackElo "2355"]
[Result "0-1"]
[Round "07"]
[TimeControl "180+1"]
[Date "2022.03.01"]
[WhiteClock "0:00:20"]
[BlackClock "0:00:17"]

1. c4 e6 2. Nf3 d5 3. cxd5 exd5 4. d4 c6 5. Nc3 Bd6 6. Qc2 g6 7. Bg5 Be7 8. Bxe7 Qxe7 9. e3 Bf5 10. Bd3 Bxd3 11. Qxd3 Nd7 12. O-O Ngf6 13. b4 a6 14. a4 b5 15. axb5 cxb5 16. Nxb5 O-O 17. Nc7 Ra7 18. Nxa6 Rfa8 19. b5 Nb6 20. Nd2 Qd6 21. h3 Kg7 22. Qa3 Qd7 23. Qc5 Rb7 24. Qc6 Qe7 25. Nc5 Rxa1 26. Rxa1 Rb8 27. Ra6 Nc4 28. Nxc4 dxc4 29. b6 c3 30. b7 c2 31. Ra1 Ne8 32. Qa4 Nd6 33. Qxc2 Nxb7 34. Rb1 Rc8 35. Qb2 Nxc5 36. dxc5+ Kh6 37. Qd4 Rxc5 38. g3 Qe5 39. Qh4+ Kg7 40. Rb7 Rc1+ 41. Kh2 Rc2 42. Kg1 Rc1+ 43. Kh2 Rc2 44. Kg1 Rd2 45. Qf4 Rd1+ 46. Kh2 Qd5 47. e4 Qxb7 48. Qf3 Rd7 49. Qc3+ Kg8 50. Qe5 Re7 0-1


[Site "https://www.chess.com"]

[Event "Titled Tuesday Blitz March 01 Late 2022"]
[White "Elissalt Cardenas, Hector"]
[Black "Rudzinska, Michalina"]
[WhiteFideId "3500632"]
[BlackFideId "1172883"]
[WhiteElo "2159"]
[BlackElo "1904"]
[Result "0-1"]
[Round "07"]
[TimeControl "180+1"]
[Date "2022.03.02"]
[WhiteClock "0:00:02"]
[BlackClock "0:00:04"]

1. d4 e6 2. Nf3 c5 3. e3 b6 4. Nc3 Bb7 5. d5 exd5 6. Nxd5 Nf6 7. Bc4 d6 8. Ng5 h6 9. Nxf6+ Qxf6 10. Bd5 Nc6 11. Nxf7 Rh7 12. Bd2 Nd8 13. Nxd8 Bxd5 14. Bc3 Qf5 15. f3 Kxd8 16. e4 Bxe4 17. fxe4 Qxe4+ 18. Qe2 Qxe2+ 19. Kxe2 g5 20. Rhf1 Be7 21. Rae1 Kd7 22. Kd3 Re8 23. Rf5 Kc6 24. Re6 Kd7 25. Rg6 Bd8 26. Kc4 Kc6 27. b4 b5+ 28. Kd3 c4+ 29. Kd2 Rhe7 30. Kd1 Re2 31. a4 a6 32. axb5+ axb5 33. Rf7 Bc7 34. Rgg7 Bb6 35. Rf5 Rxg2 36. Rg6 Rg1+ 37. Kd2 Be3+ 38. Ke2 Bd4+ 39. Kd2 Rg2+ 40. Kd1 Bxc3 0-1


[Site "https://www.chess.com"]

[Event "Titled Tuesday Blitz March 01 Late 2022"]
[White "Erdogdu, Mert"]
[Black "Yurtseven, Melih"]
[WhiteFideId "6301495"]
[BlackFideId "6312160"]
[WhiteElo "2717"]
[BlackElo "2524"]
[Result "0-1"]
[Round "07"]
[TimeControl "180+1"]
[Date "2022.03.02"]
[WhiteClock "0:00:02"]
[BlackClock "0:00:12"]

1. e4 c6 2. d4 d5 3. e5 Na6 4. Nd2 Nc7 5. Nb3 g6 6. f4 h5 7. Bd3 Nh6 8. Nf3 Bf5 9. O-O Bxd3 10. Qxd3 e6 11. Be3 Nf5 12. Bf2 Be7 13. Nbd2 Kf8 14. b3 Kg7 15. Rad1 a5 16. a4 b5 17. g3 bxa4 18. bxa4 Na6 19. c3 c5 20. h3 Qd7 21. Kg2 cxd4 22. cxd4 Nb4 23. Qb3 Rac8 24. Rh1 Rc7 25. g4 Nh6 26. gxh5 Rhc8 27. hxg6 Rc3 28. Qb1 fxg6 29. Rhg1 Nf5 30. Kh2 Qxa4 31. Rg2 Kf7 32. Rdg1 Rg8 33. Qf1 Qc2 34. Qb5 a4 35. Qd7 Kf8 36. Qxe6 Rc6 37. Qd7 Nd3 38. Be1 Nxf4 39. Rf2 Rh8 40. Rg3 Nxg3 41. Kxg3 Nd3 42. Rf1 Rc7 43. Ng5+ Kg7 44. Rf7+ Kh6 0-1


[Site "https://www.chess.com"]

[Event "Titled Tuesday Blitz March 01 Late 2022"]
[White "Garriga Cazorla, Pere"]
[Black "Bibasa, Bob"]
[WhiteFideId "32011601"]
[BlackFideId "10000240"]
[WhiteElo "2458"]
[BlackElo "2056"]
[Result "1-0"]
[Round "07"]
[TimeControl "180+1"]
[Date "2022.03.01"]
[WhiteClock "0:00:59"]
[BlackClock "0:00:35"]

1. d4 Nf6 2. c4 e6 3. Nc3 Bb4 4. e3 b6 5. Bd3 Bb7 6. Ne2 Bxg2 7. Rg1 Bf3 8. Qc2 d6 9. e4 Bxe2 10. Qxe2 Bxc3+ 11. bxc3 e5 12. Rxg7 Nbd7 13. Bg5 Qe7 14. Qf3 O-O-O 15. Kd2 Rdg8 16. Rxg8+ Rxg8 17. h4 Rg6 18. Qf5 h6 19. Be3 h5 20. Bg5 Qe6 21. f4 Ng4 22. Qxe6 fxe6 23. Rf1 exf4 24. Rxf4 e5 25. Rf7 Rg8 26. c5 Nf8 27. Ba6+ Kb8 28. cxd6 Ne6 29. d5 Nxg5 30. dxc7+ Ka8 31. hxg5 1-0


[Site "https://www.chess.com"]

[Event "Titled Tuesday Blitz March 01 Late 2022"]
[White "Gatterer, Florian"]
[Black "Saim, Mohamed Ilias"]
[WhiteFideId "811688"]
[BlackFideId "7900465"]
[WhiteElo "2218"]
[BlackElo "2006"]
[Result "1-0"]
[Round "07"]
[TimeControl "180+1"]
[Date "2022.03.02"]
[WhiteClock "0:00:43"]
[BlackClock "0:00:05"]

1. b3 Nf6 2. Bb2 e6 3. Nf3 d5 4. e3 c5 5. c4 Be7 6. cxd5 exd5 7. d4 O-O 8. Be2 cxd4 9. Nxd4 Nc6 10. O-O Re8 11. Nc3 a6 12. Rc1 Be6 13. Bf3 Bc5 14. Nxc6 bxc6 15. Ne2 Qe7 16. Qc2 Nd7 17. Nd4 Rac8 18. Rfd1 Bd6 19. Nf5 Bxf5 20. Qxf5 Nc5 21. Qc2 Ne6 22. Bg4 Qh4 23. Bh3 g6 24. f4 Rc7 25. Qc3 f6 26. Qxf6 Qxf6 27. Bxf6 Bc5 28. Bxe6+ Rxe6 29. Rxc5 Rxf6 30. Rdxd5 Rd6 31. Rxd6 Re7 32. Kf2 Rxe3 33. Kxe3 1-0


[Site "https://www.chess.com"]

[Event "Titled Tuesday Blitz March 01 Late 2022"]
[White "Gelman, Alexander"]
[Black "Petrovic, Aleksa"]
[WhiteFideId "4118316"]
[BlackFideId "967629"]
[WhiteElo "2704"]
[BlackElo "2487"]
[Result "1-0"]
[Round "07"]
[TimeControl "180+1"]
[Date "2022.03.02"]
[WhiteClock "0:00:51"]
[BlackClock "0:00:05"]

1. d4 d5 2. Nc3 e6 3. Bf4 Nf6 4. Nb5 Bb4+ 5. c3 Ba5 6. a4 a6 7. b4 axb5 8. axb5 c6 9. bxa5 cxb5 10. e3 Nc6 11. Bxb5 Rxa5 12. Bd3 Ne4 13. Ne2 g5 14. Bg3 h5 15. Bxe4 dxe4 16. h4 f6 17. O-O f5 18. Rxa5 Nxa5 19. hxg5 Qxg5 20. Qa4+ Nc6 21. c4 h4 22. d5 hxg3 23. Nxg3 Bd7 24. dxc6 Bxc6 25. Qa8+ Qd8 26. Qa1 Qh4 27. Rd1 Ke7 28. Qe5 Qf6 29. Nxf5+ Kf7 30. Nd6+ Ke7 31. Qg3 Rd8 32. c5 e5 33. Qg4 b6 34. Nf5+ Kf8 35. Rxd8+ Qxd8 36. Qg7+ Ke8 37. Nd6+ 1-0


[Site "https://www.chess.com"]

[Event "Titled Tuesday Blitz March 01 Late 2022"]
[White "Golubev, Mikhail"]
[Black "Rustemov, Alexander"]
[WhiteFideId "14100983"]
[BlackFideId "4119002"]
[WhiteElo "2374"]
[BlackElo "2782"]
[Result "1/2-1/2"]
[Round "07"]
[TimeControl "180+1"]
[Date "2022.03.01"]
[WhiteClock "0:02:37"]
[BlackClock "0:02:45"]

1. e4 e6 2. d4 d5 3. Nc3 Bb4 4. e5 c5 5. a3 Bxc3+ 6. bxc3 Ne7 7. a4 Qc7 8. Nf3 h6 9. h4 b6 10. Bb5+ Bd7 11. Bd3 Bc8 12. Bb5+ Bd7 13. Bd3 Bc8 14. Bb5+ 1/2-1/2


[Site "https://www.chess.com"]

[Event "Titled Tuesday Blitz March 01 Late 2022"]
[White "Hamley, Ryan"]
[Black "Rabineau, Clement"]
[WhiteFideId "30959497"]
[BlackFideId "628891"]
[WhiteElo "2586"]
[BlackElo "2433"]
[Result "1-0"]
[Round "07"]
[TimeControl "180+1"]
[Date "2022.03.02"]
[WhiteClock "0:02:01"]
[BlackClock "0:00:15"]

1. d4 d6 2. Nf3 g6 3. Nbd2 Bg7 4. e4 Nf6 5. Bd3 O-O 6. c3 Nc6 7. O-O e5 8. dxe5 Nxe5 9. Nxe5 dxe5 10. Nc4 Qe7 11. Be3 b6 12. a4 a5 13. Qe2 Nh5 14. g3 Bh3 15. Rfe1 Rad8 16. Na3 Bf6 17. Nb5 Rd7 18. Rad1 Rfd8 19. Bc2 Bg5 20. Rxd7 Rxd7 21. Rd1 Bxe3 22. Qxe3 Qd8 23. Rxd7 Qxd7 24. f3 c6 25. Na3 c5 26. Kf2 Qxa4 27. Bxa4 1-0


[Site "https://www.chess.com"]

[Event "Titled Tuesday Blitz March 01 Late 2022"]
[White "Dronavalli, Harika"]
[Black "Van Foreest, Jorden"]
[WhiteFideId "5015197"]
[BlackFideId "1039784"]
[WhiteElo "2382"]
[BlackElo "2609"]
[Result "0-1"]
[Round "07"]
[TimeControl "180+1"]
[Date "2022.03.01"]
[WhiteClock "0:01:06"]
[BlackClock "0:02:10"]

1. e4 a6 2. d4 b6 3. Bd3 Bb7 4. Nf3 d6 5. c4 e5 6. Nc3 Nd7 7. O-O Ngf6 8. Bc2 h6 9. Nd5 Be7 10. Re1 O-O 11. b3 Re8 12. Nxe7+ Qxe7 13. Bb2 c5 14. d5 Nf8 15. Bc1 Bc8 16. Nd2 Bd7 17. a4 b5 18. axb5 axb5 19. Rxa8 Rxa8 20. Bd3 b4 21. Nf1 Ng6 22. Bc2 Qd8 23. g3 Nh7 24. Ne3 Ra1 25. Qe2 Ng5 26. Bd2 Nh3+ 27. Kg2 Nhf4+ 0-1


[Site "https://www.chess.com"]

[Event "Titled Tuesday Blitz March 01 Late 2022"]
[White "Harvey, Marcus R"]
[Black "Villegas, Pierre"]
[WhiteFideId "400092"]
[BlackFideId "654183"]
[WhiteElo "2485"]
[BlackElo "2410"]
[Result "1-0"]
[Round "07"]
[TimeControl "180+1"]
[Date "2022.03.01"]
[WhiteClock "0:00:13"]
[BlackClock "0:00:01"]

1. d4 g6 2. e4 Bg7 3. Nf3 c6 4. Nc3 d5 5. e5 Nh6 6. h3 O-O 7. Bf4 f6 8. Qd2 Nf7 9. exf6 exf6 10. Be2 Na6 11. O-O Nc7 12. Rfe1 b6 13. Bd3 Ne6 14. Be3 Nd6 15. Ne2 f5 16. Ne5 Bb7 17. Nf4 Re8 18. c3 Ne4 19. Qc2 N6g5 20. f3 Nd6 21. Bf2 Ngf7 22. Nxf7 Kxf7 23. h4 Qd7 24. h5 Bh6 25. Bg3 Rxe1+ 26. Rxe1 Re8 27. Rxe8 Qxe8 28. hxg6+ hxg6 29. Kf2 Nc4 30. Bxc4 dxc4 31. Qe2 Bxf4 32. Bxf4 Qxe2+ 33. Kxe2 Bc8 34. Bb8 a6 35. Ke3 Kf6 36. Bc7 b5 37. Bd8+ Ke6 38. Kf4 Bd7 39. Kg5 Kf7 40. Kf4 Ke6 41. Bc7 Be8 42. Be5 Bd7 43. Kg5 Kf7 44. Bd6 Ke6 45. Bc5 Kf7 46. Bb4 Be8 47. Kf4 Ke6 48. Ba5 Bd7 49. b3 cxb3 50. axb3 Be8 51. c4 Bd7 52. Kg5 Be8 53. Bb4 Bf7 54. Bc5 Be8 55. Kf4 Bf7 56. g3 Be8 57. g4 fxg4 58. fxg4 Bf7 59. Ke4 Be8 60. d5+ cxd5+ 61. cxd5+ Kd7 62. b4 Bf7 63. Ke5 Bg8 64. d6 Be6 65. g5 Bf5 66. Kd5 Bc2 67. Ke5 Bd3 68. Be3 Bc4 69. Bf4 Bd3 70. Kf6 Bc4 71. Kxg6 Ke6 72. Kg7 Bd3 73. g6 Kd7 74. Kf6 Bc4 75. g7 Bd5 76. Kg6 Bg8 77. Kf5 Be6+ 78. Ke5 Bg8 79. Kd4 Bf7 80. Kc5 Bg8 81. Kb6 Bf7 82. Kxa6 Kc6 83. d7 Kxd7 84. Kxb5 Kc8 85. Kc5 Kb7 86. Kd6 Kb6 87. Ke7 Bg8 88. Bd6 Kb5 89. Bc5 Bd5 90. Kf8 1-0


[Site "https://www.chess.com"]

[Event "Titled Tuesday Blitz March 01 Late 2022"]
[White "Hoffmann, Asa"]
[Black "Kulon, Klaudia"]
[WhiteFideId "2001470"]
[BlackFideId "1131044"]
[WhiteElo "2117"]
[BlackElo "2281"]
[Result "1-0"]
[Round "07"]
[TimeControl "180+1"]
[Date "2022.03.02"]
[WhiteClock "0:01:26"]
[BlackClock "0:00:11"]

1. d4 Nf6 2. Bg5 d5 3. Nd2 Bf5 4. e3 e6 5. c4 c6 6. Qb3 b6 7. Ngf3 Be7 8. Ne5 O-O 9. Be2 Nfd7 10. Bxe7 Qxe7 11. f4 Nxe5 12. fxe5 Qh4+ 13. g3 Qh3 14. Bf1 Qh6 15. Bg2 f6 16. exf6 Rxf6 17. O-O Bh3 18. Rxf6 gxf6 19. Bxh3 Qxh3 20. e4 Qh6 21. Qd3 Nd7 22. Rf1 dxc4 23. Nxc4 b5 24. Nd6 Nb6 25. Qb3 f5 26. Nxf5 Qf6 27. e5 Qd8 28. Qxe6+ Kh8 29. Nd6 Kg7 30. Rf7+ Kh8 31. Re7 Qg8 32. Nf7+ Kg7 33. Qf6+ Kf8 34. Nh8+ Qf7 35. Qxf7# 1-0


[Site "https://www.chess.com"]

[Event "Titled Tuesday Blitz March 01 Late 2022"]
[White "Holt, Conrad"]
[Black "Sargsyan, Anna M."]
[WhiteFideId "2034387"]
[BlackFideId "13308130"]
[WhiteElo "2586"]
[BlackElo "2271"]
[Result "1/2-1/2"]
[Round "07"]
[TimeControl "180+1"]
[Date "2022.03.01"]
[WhiteClock "0:00:04"]
[BlackClock "0:00:06"]

1. d4 Nf6 2. c4 g6 3. Nc3 d5 4. e3 Bg7 5. Qb3 c6 6. Nf3 O-O 7. Be2 a6 8. a4 Nbd7 9. cxd5 cxd5 10. O-O Nb8 11. Ne5 Nc6 12. Nxc6 bxc6 13. Bd2 a5 14. Rfc1 Bd7 15. Qc2 Ne8 16. Bd3 e5 17. dxe5 Bxe5 18. Ne2 Nd6 19. Nd4 Rc8 20. Qc5 Nb7 21. Qa7 Qc7 22. Nb5 Qb8 23. Qxb8 Rxb8 24. Bc3 Bxc3 25. Nxc3 Nc5 26. Nxd5 Nxd3 27. Nf6+ Kg7 28. Nxd7 Nxc1 29. Rxc1 Rxb2 30. Nxf8 Kxf8 31. f3 Ra2 32. Rxc6 Rxa4 33. Kf2 Ra1 34. Ra6 a4 35. g4 h6 36. h4 a3 37. Kg3 Kg7 38. Kf4 a2 39. e4 Rh1 40. Rxa2 Rxh4 41. Ra7 h5 42. Kg3 Rh1 43. e5 hxg4 44. e6 gxf3 45. Rxf7+ Kg8 46. Rf6 Re1 47. Kf2 Re5 48. Kxf3 Kg7 49. Rf7+ Kg8 50. Re7 Kf8 51. Rf7+ Ke8 52. Rf6 Ke7 53. Rxg6 Rxe6 54. Rxe6+ Kxe6 1/2-1/2


[Site "https://www.chess.com"]

[Event "Titled Tuesday Blitz March 01 Late 2022"]
[White "Ibarra Jerez, Jose Carlos"]
[Black "Aukhatov, Roman"]
[WhiteFideId "2226332"]
[BlackFideId "44150768"]
[WhiteElo "2626"]
[BlackElo "2112"]
[Result "1-0"]
[Round "07"]
[TimeControl "180+1"]
[Date "2022.03.01"]
[WhiteClock "0:00:53"]
[BlackClock "0:00:57"]

1. e4 c5 2. Nf3 Nf6 3. e5 Nd5 4. d4 cxd4 5. Qxd4 e6 6. a3 Nc6 7. Qd1 Qc7 8. c4 Nde7 9. Nc3 a6 10. Ne4 Ng6 11. Nd6+ Bxd6 12. exd6 Qd8 13. h4 h6 14. h5 Nge5 15. Nxe5 Nxe5 16. Qd4 f6 17. Bf4 Nf7 18. Be3 O-O 19. c5 b6 20. cxb6 Bb7 21. Rc1 Bc6 22. Bd3 Qb8 23. O-O Nxd6 24. Qg4 f5 25. Qd4 Ne4 26. Rxc6 dxc6 27. Bxe4 fxe4 28. Qxe4 Qd6 29. b4 a5 30. Bc5 Qd5 31. Qxd5 exd5 32. Bxf8 Kxf8 33. Rc1 axb4 34. Rxc6 bxa3 35. b7 Re8 36. Rc8 a2 37. Rxe8+ 1-0


[Site "https://www.chess.com"]

[Event "Titled Tuesday Blitz March 01 Late 2022"]
[White "Indjic, Aleksandar"]
[Black "Demidov, Mikhail"]
[WhiteFideId "911925"]
[BlackFideId "4197143"]
[WhiteElo "2616"]
[BlackElo "2525"]
[Result "0-1"]
[Round "07"]
[TimeControl "180+1"]
[Date "2022.03.01"]
[WhiteClock "0:00:04"]
[BlackClock "0:00:12"]

1. e4 Nf6 2. e5 Nd5 3. d4 d6 4. Nf3 Nb6 5. h3 g6 6. a4 a5 7. Bf4 Bg7 8. Nc3 O-O 9. Qd2 Nc6 10. Bh6 dxe5 11. Bxg7 Kxg7 12. dxe5 Qxd2+ 13. Kxd2 Rd8+ 14. Ke3 Bf5 15. Rc1 Nb4 16. Nd4 N4d5+ 17. Nxd5 Rxd5 18. f4 Nxa4 19. g4 Bc8 20. b3 Nb6 21. c4 Rd8 22. Bg2 c6 23. Be4 a4 24. b4 a3 25. Rc3 Be6 26. Bd3 Ra4 27. f5 Bxc4 28. Bxc4 Rxb4 29. Rhc1 a2 30. f6+ exf6 31. exf6+ Kxf6 32. Rf1+ Kg5 33. Bxa2 Rbxd4 34. Rxf7 R4d7 35. Rf2 Nd5+ 36. Bxd5 Rxd5 37. Rb3 Re8+ 38. Kf3 Rf8+ 39. Kg3 Rxf2 40. Kxf2 b5 41. Re3 Kf6 42. Kg3 b4 43. Re4 Rb5 0-1


[Site "https://www.chess.com"]